 Dungeon Crawl Stone Soup version 0.20-a0-1018-ge435b50 (webtiles) character file.

328 Monsterracer the Slasher (level 6, -2/46 (47) HPs)
             Began as a Formicid Fighter on Apr 17, 2017.
             Slain by an azure jelly (8 damage)
             ... created by the vengeance of Jiyva
             ... in an ossuary.
             The game lasted 00:09:29 (3618 turns).

Monsterracer the Slasher (Formicid Fighter)         Turns: 3618, Time: 00:09:30

HP:   -2/46 (47)    AC:  9    Str: 21    XL:     6   Next: 80%
MP:   6/6           EV:  5    Int:  7    God:
Gold: 140           SH:  0    Dex: 12    Spells: 5/5 levels left

rFire    . . .     SeeInvis +   a - +0 long sword
rCold    . . .     Gourm    .   c - +0 shield
rNeg     . . .     Faith    .   k - +0 chain mail
rPois    .         Spirit   .   (helmet unavailable)
rElec    .         Reflect  .   (no cloak)
rCorr    .         Harm     .   (no gloves)
MR       .....                  (no boots)
Stlth    ..........             (no amulet)
Regen    0.2/turn               (no ring)
MPRegen  0.1/turn               (no ring)

@: confused
A: permanent stasis, dig shafts and tunnels, four strong arms, antennae 3
a: Dig, Shaft Self


You were in an ossuary.
You were very hungry.

You visited 1 branch of the dungeon, and saw 4 of its levels.
You also visited: Ossuary.

You collected 140 gold pieces.

Inventory:

Hand Weapons
 a - a +0 long sword (weapon)
Missiles
 o - 6 javelins of returning
 p - 8 tomahawks (quivered)
Armour
 c - a +0 shield (worn)
 k - a +0 chain mail (worn)
Wands
 b - a wand of flame (38/48)
Scrolls
 l - a scroll of recharging
Comestibles
 f - a bread ration
 h - 2 royal jellies
 i - 2 meat rations


   Skills:
 - Level 3.2 Fighting
 + Level 6.7 Long Blades
 - Level 3.2 Armour
 - Level 3.6 Shields


You had 5 spell levels left.
You didn't know any spells.

Dungeon Overview and Level Annotations

Branches:
Dungeon (4/15)
 Temple: D:4-7

Altars:
Nemelex Xobeh
Ru
Jiyva


Innate Abilities, Weirdness & Mutations

You cannot be hasted, slowed, berserked, paralysed or teleported.
You can dig through walls and to a lower floor.
Your four strong arms can wield two-handed weapons with a shield.
You have a pair of large antennae on your head. (SInv)


Message History

You start resting.
You are feeling very hungry.
You start resting.
Some slimes ooze up out of the ground!
An azure jelly, a death ooze and a glowing orange brain come into view.
There are monsters nearby!
The glowing orange brain pulsates.
You are confused.
You bump into the stone wall.
The death ooze hits you.
You feel your flesh rotting away! The death ooze barely misses you.
The glowing orange brain pulsates.
Something tries to feed on your intellect!
You bump into the stone wall.
You hit the azure jelly but do no damage.
The azure jelly barely misses you. The azure jelly hits you.
The azure jelly freezes you!!
Ouch! That really hurt!
* * * LOW HITPOINT WARNING * * *
The azure jelly hits you!
You die...

##..######^.## ##..##....##..##
##..##^^##..##..##
##..##..####..##..##
##..##..######..##..##
##..##..##....##..##..##
##..##..##..##..##..##..#
##..##..##..####..##..##..
##..##..##@.## ##..##..##.
##..##..##JG## ##..##..##
##..##..##.J## ##..##..#
##..##..##..## ##..##..
##..##..##..## ##..##.
##..##..##..## ##..##
##..##^.##..##############Z'##..#
#..##..##................... ##..
..##..##########################.


You could see an azure jelly, a glowing orange brain and a death ooze.

Vanquished Creatures
  Menkaure (Ossuary)
  A phantom (D:3)
  A jelly (D:3)
  An orc wizard (D:4)
  A worker ant (D:3)
  2 mummies (Ossuary)
  3 adders
  2 worms
  4 dart slugs
  5 leopard geckos
  3 orcs (D:3)
  3 ball pythons
  2 giant cockroaches
  3 gnoll zombies (Ossuary)
  8 goblins
  7 hobgoblins
  5 jackals (D:2)
  9 kobolds
  A quokka (D:2)
  7 bats
  3 frilled lizards
  2 gnoll skeletons (Ossuary)
  4 goblin skeletons (Ossuary)
  5 goblin zombies (Ossuary)
  2 hobgoblin skeletons (Ossuary)
  3 hobgoblin zombies (Ossuary)
  2 kobold skeletons (Ossuary)
  3 kobold zombies (Ossuary)
  4 orc skeletons (Ossuary)
  An orc zombie (Ossuary)
  7 rats
  A rat zombie (Ossuary)
106 creatures vanquished.

Vanquished Creatures (others)
  4 gnoll skeletons (Ossuary)
  A goblin skeleton (Ossuary)
  2 goblin zombies (Ossuary)
  2 hobgoblin skeletons (Ossuary)
  A kobold skeleton (Ossuary)
  3 kobold zombies (Ossuary)
  An orc skeleton (Ossuary)
  2 orc zombies (Ossuary)
  2 rat skeletons (Ossuary)
  2 rat zombies (Ossuary)
20 creatures vanquished.

Grand Total: 126 creatures vanquished

Notes
Turn   | Place    | Note
-------+----------+-------------------------------------------
     0 | D:1      | Monsterracer the Formicid Fighter began the quest for the Orb.
     0 | D:1      | Reached XP level 1. HP: 18/18 MP: 1/1
   342 | D:1      | Reached XP level 2. HP: 21/24 MP: 2/2
   402 | D:1      | Reached skill level 3 in Long Blades
   557 | D:1      | Reached XP level 3. HP: 29/29 MP: 3/3
  1012 | D:2      | Found a sparkling altar of Nemelex Xobeh.
  1235 | D:2      | Reached skill level 4 in Long Blades
  1235 | D:2      | Reached XP level 4. HP: 33/35 MP: 4/4
  1774 | D:3      | Noticed a phantom
  1885 | D:3      | HP: 1/35 [poisoned by an adder]
  1889 | D:3      | Killed a phantom
  1889 | D:3      | Reached skill level 5 in Long Blades
  1889 | D:3      | Reached XP level 5. HP: 6/41 MP: 5/5
  2186 | D:3      | Found a faded altar of an unknown god.
  2252 | D:3      | Reached XP level 6. HP: 47/47 MP: 6/6
  2257 | D:3      | Became a worshipper of Jiyva Jevomnen the Shapeless
  2257 | D:3      | Reached * piety under Jiyva
  2258 | D:3      | Fell from the grace of Jiyva
  2477 | D:3      | Reached skill level 6 in Long Blades
  2971 | D:4      | Found a sacrificial altar of Ru.
  3017 | D:4      | Found a sand-covered staircase.
  3022 | Ossuary  | Entered an ossuary
  3320 | Ossuary  | Noticed Menkaure
  3336 | Ossuary  | Killed Menkaure
  3610 | Ossuary  | Noticed an azure jelly
  3610 | Ossuary  | Noticed a death ooze
  3610 | Ossuary  | Noticed a glowing orange brain
  3618 | Ossuary  | Slain by an azure jelly

Vault maps used:
D:1:      sevenhm_arrival_forest_fort_small_5, roderic_lattice_a, minmay_cupped
D:2:      kennysheep_minor_cross, nemelex_altar_shiori
D:3:      nicolae_overflow_hidden_temple, chequers_ecumenical_altar_simple
D:4:      lemuel_crystal_altar, okawaru_metal_pillars_3, kennysheep_mini,
          nicolae_ru_great_annihilating_truth, first_bread, enter_ossuary_2
Ossuary:  ossuary_due_pyramid

Skill      XL: |  1  2  3  4  5  6 |
---------------+-------------------+-----
Long Blades    | 3 4 5 6 |  6.7
Fighting       | |  3.2
Armour         | |  3.2
Shields        | |  3.6

Action                   |  1- 3 |  4- 6 || total
-------------------------+-------+-------++-------
Melee: Long sword        |   101 |   261 ||   362
       Unarmed           |       |     1 ||     1
Invok: Renounce Religion |       |     1 ||     1
  Use: Potion            |     2 |     6 ||     8
       Scroll            |       |     8 ||     8
 Stab: Paralysed         |       |     2 ||     2
       Invisible         |       |     1 ||     1
  Eat: Chunk             |     1 |     7 ||     8
Armor: Scale mail        |    36 |       ||    36
       Chain mail        |    14 |    90 ||   104
Dodge: Dodged            |    22 |    48 ||    70
Block: Shield            |    46 |   103 ||   149
       Rpst.: Long sword |     4 |     8 ||    12
